 Dungeon Crawl Stone Soup version 0.27-a0-1277-g3808f8b1c9 (webtiles) character file.

Game seed: 6162896913667513869

7522 Gargoyl the Fighter (level 11, -1/133 HPs)
             Began as a Gnoll Abyssal Knight on June 12, 2021.
             Was a High Priest of Lugonu.
             Slain by Snorg (6 damage)
             ... on level 10 of the Dungeon.
             The game lasted 00:15:19 (12311 turns).

Gargoyl the Fighter (Gnoll Abyssal Knight)         Turns: 12311, Time: 00:15:20

Health: -1/133     AC: 21    Str: 14    XL:     11   Next: 16%
Magic:  29/29      EV:  6    Int: 18    God:    Lugonu [*****.]
Gold:   838        SH:  8    Dex: 16    Spells: 22/22 levels left

rFire    . . .     SeeInvis .   c - +2 hand axe (venom)
rCold    . . .     Faith    .   b - +2 buckler of Incorporation {Dex+5}
rNeg     . . .     Spirit   .   o - +1 plate armour
rPois    .         Reflect  .   u - +2 hat "Ufichif" {Int+5}
rElec    .         Harm     .   x - +0 cloak
rCorr    .         Rampage  .   (no gloves)
Will     .....                  d - +2 pair of boots
Stlth    ..........             (no amulet)
HPRegen  0.32/turn              r - ring of magical power
MPRegen  0.21/turn              (no ring)

@: mighty, berserking, very quick
A: fangs 1, strong nose, distributed training
a: Renounce Religion, Depart the Abyss, Bend Space, Banish, Corrupt, Enter the
Abyss


You were on level 10 of the Dungeon.
You worshipped Lugonu.
Lugonu was extremely pleased with you.
You visited 1 branch of the dungeon, and saw 10 of its levels.
You visited the Abyss 1 time.

You collected 838 gold pieces.

Inventory:

Hand Weapons
 c - a +2 hand axe of venom (weapon)
 q - a +1 war axe of electrocution
 v - a +4 hand axe
Missiles
 h - 48 poisoned darts (quivered)
 t - 3 throwing nets
Armour
 b - the +2 buckler of Incorporation (worn) {Dex+5}
   (You acquired it on level 3 of the Dungeon)

   It affects your dexterity (+5).
 d - a +2 pair of boots (worn)
 o - a +1 plate armour (worn)
 u - the +2 hat "Ufichif" (worn) {Int+5}
   (You found it on level 7 of the Dungeon)

   It affects your intelligence (+5).
 x - a +0 cloak (worn)
Jewellery
 r - a ring of magical power (left hand)
Wands
 e - a wand of acid (6)
 g - a wand of charming (12)
 l - a wand of digging (4)
 n - a wand of polymorph (7)
 w - a wand of flame (28)
Scrolls
 j - 4 scrolls of identify
 s - 5 scrolls of teleportation
Potions
 a - a potion of flight
 f - a potion of haste
 i - 2 potions of resistance
 p - 2 potions of lignification


   Skills:
 + Level 9.0 Fighting
 + Level 6.0 Short Blades
 + Level 6.0 Long Blades
 + Level 7.6 Axes
 + Level 6.0 Maces & Flails
 + Level 6.0 Polearms
 + Level 6.0 Staves
 + Level 6.0 Slings
 + Level 6.0 Bows
 + Level 6.0 Crossbows
 + Level 6.0 Throwing
 + Level 7.6 Armour
 + Level 6.6 Dodging
 + Level 6.0 Stealth
 + Level 6.0 Shields
 + Level 6.0 Unarmed Combat
 + Level 6.0 Spellcasting
 + Level 5.0 Conjurations
 + Level 5.0 Hexes
 + Level 5.0 Summonings
 + Level 5.0 Necromancy
 + Level 5.0 Translocations
 + Level 5.0 Transmutations
 + Level 5.0 Fire Magic
 + Level 5.0 Ice Magic
 + Level 5.0 Air Magic
 + Level 5.0 Earth Magic
 + Level 5.0 Poison Magic
 + Level 8.1 Invocations
 + Level 6.0 Evocations


You had 22 spell levels left.
You didn't know any spells.
Your spell library contained the following spells:

 Spells                   Type           Power      Damage    Failure   Level
 Beastly Appendage        Tmut           46%        N/A       67%         1
 Corona                   Hex            25%        N/A       67%         1
 Magic Dart               Conj           92%        1d7       67%         1
 Shock                    Conj/Air       92%        1d8       67%         1
 Blink                    Tloc           N/A        N/A       80%         2
 Call Imp                 Summ           23%        N/A       80%         2
 Ensorcelled Hibernation  Hex/Ice        46%        N/A       80%         2
 Slow                     Hex            23%        N/A       80%         2
 Static Discharge         Conj/Air       23%        N/A       80%         2
 Wereblood                Tmut           23%        N/A       80%         2
 Confusing Touch          Hex            23%        N/A       95%         3
 Conjure Flame            Conj/Fire      23%        6-21      95%         3
 Dazzling Flash           Conj/Hex       46%        N/A       95%         3
 Mephitic Cloud           Conj/Pois/Air  23%        N/A       95%         3
 Spider Form              Tmut/Pois      11%        N/A       95%         3
 Swiftness                Air            23%        N/A       95%         3
 Tukima's Dance           Hex            23%        N/A       95%         3
 Airstrike                Air            11%        N/A       100%        4
 Ice Form                 Ice/Tmut       23%        N/A       100%        4
 Lightning Bolt           Conj/Air       11%        1d24      100%        5


Dungeon Overview and Level Annotations

Branches:
Dungeon (10/15)            Temple (0/1) D:4
   Lair: D:8-11         Orc: D:9-12

Altars:
Hepliaklqana
Okawaru

Annotations:
D:10 Snorg


Innate Abilities, Weirdness & Mutations

You have very sharp teeth.
Your uncanny sense of smell can sniff out nearby items.
Your experience applies equally to all skills.


Message History

Aim: Snorg (berserk, 65% to hit)
You throw a poisoned dart.
The poisoned dart completely misses Snorg.
Unknown command.
Snorg rages.
Snorg closely misses you. Snorg claws you! Snorg claws you.
Okay, then.
A red film seems to cover your vision as you go berserk!
You feel yourself moving faster!
You feel mighty! You block Snorg's attack. Snorg claws you!
You block Snorg's attack.
You slash Snorg!
Snorg is poisoned.
You bite Snorg.
Snorg is lightly wounded.
Snorg bites you!! Snorg claws you but does no damage. Snorg claws you.
You hit Snorg. You bite Snorg!
Snorg is moderately wounded.
Snorg bites you but does no damage. You block Snorg's attack.
Snorg claws you but does no damage.
You hit Snorg.
Snorg looks as sick as possible!
Snorg is moderately wounded.
Snorg bites you! You block Snorg's attack. Snorg claws you!
Your plate armour prevents you from hitting Snorg.
You bite Snorg.
Snorg is moderately wounded.
Snorg bites you. You block Snorg's attack. Snorg claws you but does no damage.
You barely miss Snorg. You bite Snorg!
Snorg is moderately wounded.
Snorg bites you!!
* * * LOW HITPOINT WARNING * * *
Snorg closely misses you. Snorg claws you!
* * * LOW HITPOINT WARNING * * *
You slash Snorg!
Snorg looks as sick as possible!
You bite Snorg.
Snorg is heavily wounded.
Snorg bites you but does no damage. You block Snorg's attack.
Snorg closely misses you.
You slash Snorg!
Snorg looks as sick as possible!
Snorg is heavily wounded.
Snorg bites you!
* * * LOW HITPOINT WARNING * * *
Snorg claws you.
You die...

####.#.#.##....# #..# #
#........###.#.###..##.
#.##.#.### #...........
#.#.########.##..##.
#.#.........[.......
#.##########.###.### #.
#.# #. ######># #.
#.....@###..#
#>####.T...(# #####..#
# ######


You could see Snorg (berserk, extremely poisoned).

Vanquished Creatures
  3 two-headed ogres
  A wraith (D:9)
  A wyvern (D:9)
  2 steam dragons
  An acid dragon (D:9)
  4 water moccasins
  4 orc warriors
  A sky beast (D:5)
  A black bear (D:6)
  An ice beast (D:8)
  2 necrophages
  4 ogres
  4 centaurs
  A phantom (D:6)
  Blork the orc (D:5)
  3 bullfrogs
  A gnoll sergeant (D:7)
  8 scorpions
  2 wyvern skeletons (D:7)
  11 wights
  2 centaur zombies
  4 bullfrog zombies
  2 bullfrog skeletons
  3 hounds
  A gnoll shaman (D:8)
  Crazy Yiuf (D:6)
  A jelly (D:7)
  5 orc priests
  7 iguanas
  4 centaur skeletons (D:7)
  8 orc wizards
  2 killer bee zombies (D:7)
  A hound skeleton (D:4)
  A howler monkey zombie (D:5)
  17 adders
  17 gnolls
  A shadow imp (D:8)
  A white imp (D:7)
  An ufetubus (D:4)
  2 dart slugs (D:1)
  36 orcs
  7 endoplasms
  2 giant cockroaches
  3 goblins
  9 hobgoblins
  7 jackals
  9 kobolds
  4 quokkas
  7 ball pythons
  4 bats
  12 frilled lizards
  6 rats
243 creatures vanquished.

Vanquished Creatures (collateral kills)
  A hound zombie (D:5)
  An ufetubus (D:5)
2 creatures vanquished.

Grand Total: 245 creatures vanquished

Notes
Turn   | Place    | Note
-------+----------+-------------------------------------------
     0 | Abyss:1  | Gargoyl the Gnoll Abyssal Knight began the quest for the
                  | Orb.
     0 | Abyss:1  | Reached XP level 1. HP: 23/23 MP: 3/3
    85 | Abyss:1  | Noticed a frost giant skeleton
   102 | D:1      | Escaped the Abyss
   240 | D:1      | Reached XP level 2. HP: 29/29 MP: 5/5
   247 | D:1      | Reached * piety under Lugonu
   464 | D:1      | Reached XP level 3. HP: 28/35 MP: 6/6
   963 | D:1      | Reached skill level 1 in Short Blades
   963 | D:1      | Reached skill level 1 in Long Blades
   963 | D:1      | Reached skill level 1 in Maces & Flails
   963 | D:1      | Reached skill level 1 in Polearms
   963 | D:1      | Reached skill level 1 in Staves
   963 | D:1      | Reached skill level 1 in Slings
   963 | D:1      | Reached skill level 1 in Bows
   963 | D:1      | Reached skill level 1 in Crossbows
   963 | D:1      | Reached skill level 1 in Throwing
   963 | D:1      | Reached skill level 1 in Stealth
   963 | D:1      | Reached skill level 1 in Shields
   963 | D:1      | Reached skill level 1 in Unarmed Combat
   963 | D:1      | Reached skill level 1 in Spellcasting
   963 | D:1      | Reached skill level 1 in Evocations
  1214 | D:2      | Reached XP level 4. HP: 40/41 MP: 7/7
  1267 | D:2      | Reached ** piety under Lugonu
  1537 | D:2      | Found an iron altar of Okawaru.
  1730 | D:3      | Reached skill level 1 in Conjurations
  1730 | D:3      | Reached skill level 1 in Hexes
  1730 | D:3      | Reached skill level 1 in Summonings
  1730 | D:3      | Reached skill level 1 in Necromancy
  1730 | D:3      | Reached skill level 1 in Translocations
  1730 | D:3      | Reached skill level 1 in Transmutations
  1730 | D:3      | Reached skill level 1 in Fire Magic
  1730 | D:3      | Reached skill level 1 in Ice Magic
  1730 | D:3      | Reached skill level 1 in Air Magic
  1730 | D:3      | Reached skill level 1 in Earth Magic
  1730 | D:3      | Reached skill level 1 in Poison Magic
  1812 | D:3      | Found a faded altar of an unknown god.
  1994 | D:3      | Reached XP level 5. HP: 46/47 MP: 8/8
  2551 | D:3      | Identified a scroll of acquirement
  2551 | D:3      | Acquired the +2 buckler of Incorporation {Dex+5}
  2769 | D:4      | Reached skill level 5 in Invocations
  2775 | D:4      | Reached XP level 6. HP: 18/53 MP: 9/9
  2776 | D:4      | Reached *** piety under Lugonu
  3109 | D:4      | Reached skill level 5 in Axes
  3109 | D:4      | Reached skill level 5 in Armour
  3326 | D:4      | Found a staircase to the Ecumenical Temple.
  3471 | D:4      | Reached XP level 7. HP: 48/59 MP: 10/10
  3643 | D:4      | Reached skill level 7 in Fighting
  3956 | D:5      | Entered Level 5 of the Dungeon
  4485 | D:5      | Noticed Blork the orc
  4496 | D:5      | Killed Blork the orc
  4497 | D:5      | Reached XP level 8. HP: 59/67 MP: 12/12
  4888 | D:5      | Reached **** piety under Lugonu
  5523 | D:6      | Reached XP level 9. HP: 23/72 MP: 14/14
  6499 | D:7      | Reached skill level 5 in Dodging
  6906 | D:7      | Reached skill level 8 in Fighting
  6929 | D:7      | Identified the +2 hat "Ufichif" {Int+5}
  7756 | D:7      | Reached XP level 10. HP: 45/80 MP: 17/17
  8079 | D:7      | Reached skill level 5 in Short Blades
  8079 | D:7      | Reached skill level 5 in Long Blades
  8079 | D:7      | Reached skill level 5 in Maces & Flails
  8079 | D:7      | Reached skill level 5 in Polearms
  8079 | D:7      | Reached skill level 5 in Staves
  8079 | D:7      | Reached skill level 5 in Slings
  8079 | D:7      | Reached skill level 5 in Bows
  8079 | D:7      | Reached skill level 5 in Crossbows
  8079 | D:7      | Reached skill level 5 in Throwing
  8079 | D:7      | Reached skill level 5 in Stealth
  8079 | D:7      | Reached skill level 5 in Shields
  8079 | D:7      | Reached skill level 5 in Unarmed Combat
  8079 | D:7      | Reached skill level 5 in Spellcasting
  8079 | D:7      | Reached skill level 5 in Evocations
  8646 | D:6      | Reached ***** piety under Lugonu
  8758 | D:6      | Found a runed translucent door.
  8759 | D:6      | Noticed Crazy Yiuf
  8767 | D:6      | Killed Crazy Yiuf
  9662 | D:8      | Noticed a two-headed ogre
  9687 | D:8      | Killed a two-headed ogre
 10310 | D:8      | Found a hazy altar of Hepliaklqana.
 11043 | D:9      | Noticed a two-headed ogre
 11741 | D:10     | Entered Level 10 of the Dungeon
 11787 | D:9      | Killed a two-headed ogre
 11788 | D:9      | Reached XP level 11. HP: 58/87 MP: 19/19
 11944 | D:10     | Noticed a two-headed ogre
 11991 | D:9      | Killed a two-headed ogre
 11992 | D:9      | Reached skill level 9 in Fighting
 11992 | D:9      | Reached skill level 5 in Conjurations
 11992 | D:9      | Reached skill level 5 in Hexes
 11992 | D:9      | Reached skill level 5 in Summonings
 11992 | D:9      | Reached skill level 5 in Necromancy
 11992 | D:9      | Reached skill level 5 in Translocations
 11992 | D:9      | Reached skill level 5 in Transmutations
 11992 | D:9      | Reached skill level 5 in Fire Magic
 11992 | D:9      | Reached skill level 5 in Ice Magic
 11992 | D:9      | Reached skill level 5 in Air Magic
 11992 | D:9      | Reached skill level 5 in Earth Magic
 11992 | D:9      | Reached skill level 5 in Poison Magic
 12300 | D:10     | Noticed Snorg
 12311 | D:10     | HP: 5/133 [Snorg (12)]
 12311 | D:10     | Slain by Snorg

Illustrated notes

Levels and vault maps discovered:
D:1:      doesnt_arrival_eight_statues, layout_basic
D:2:      layout_rooms, basic_altar, minmay_lizard_pond
D:3:      layout_rooms, ebering_ecumenical_altar_mist, minmay_snake_closets
D:4:      layout_cave_pools, minmay_temple_entry_ruins
D:5:      layout_basic, uniq_blork_the_orc
D:6:      minmay_spotlight, layout_rooms, nicolae_zen_rock_garden,
          grunt_ministairs_7, uniq_crazy_yiuf_cottage
D:7:      minmay_polygon_palace, layout_layer_cave, lightli_orcish_oven
D:8:      layout_loops_corners, nicolae_hepliaklqana_hippocampus
D:9:      layout_irregular_city, minmay_holes
D:10:     layout_loops_ring, uniq_snorg

Skill      XL: |  1  2  3  4  5  6  7  8  9 10 11 |
---------------+----------------------------------+-----
Short Blades   | 1 2 3 4 5 6 |  6.0
Long Blades    | 1 2 3 4 5 6 |  6.0
Maces & Flails | 1 2 3 4 5 6 |  6.0
Polearms       | 1 2 3 4 5 6 |  6.0
Staves         | 1 2 3 4 5 6 |  6.0
Slings         | 1 2 3 4 5 6 |  6.0
Bows           | 1 2 3 4 5 6 |  6.0
Crossbows      | 1 2 3 4 5 6 |  6.0
Throwing       | 1 2 3 4 5 6 |  6.0
Stealth        | 1 2 3 4 5 6 |  6.0
Shields        | 1 2 3 4 5 6 |  6.0
Unarmed Combat | 1 2 3 4 5 6 |  6.0
Spellcasting   | 1 2 3 4 5 6 |  6.0
Evocations     | 1 2 3 4 5 6 |  6.0
Conjurations   | 1 2 3 4 5 |  5.0
Hexes          | 1 2 3 4 5 |  5.0
Summonings     | 1 2 3 4 5 |  5.0
Necromancy     | 1 2 3 4 5 |  5.0
Translocations | 1 2 3 4 5 |  5.0
Transmutations | 1 2 3 4 5 |  5.0
Fire Magic     | 1 2 3 4 5 |  5.0
Ice Magic      | 1 2 3 4 5 |  5.0
Air Magic      | 1 2 3 4 5 |  5.0
Earth Magic    | 1 2 3 4 5 |  5.0
Poison Magic   | 1 2 3 4 5 |  5.0
Dodging        | 3 4 5 6 |  6.6
Invocations    | 5 6 7 8 |  8.1
Axes           | 5 6 7 |  7.6
Armour         | 5 6 7 |  7.6
Fighting       | 7 8 9 |  9.0

Action                   |  1- 3 |  4- 6 |  7- 9 | 10-12 || total
-------------------------+-------+-------+-------+-------++-------
Melee: Hand axe          |    56 |   179 |   335 |   191 ||   761
       Bite              |     5 |    20 |    42 |    31 ||    98
       Punch             |       |     1 |       |       ||     1
       War axe           |       |       |    25 |    49 ||    74
Throw: Dart              |       |       |    14 |    14 ||    28
Invok: Depart the Abyss  |     1 |       |       |       ||     1
       Bend Space        |       |       |     1 |       ||     1
  Use: Scroll            |       |    12 |    10 |     1 ||    23
       Potion            |       |       |     1 |     4 ||     5
Armor: Leather armour    |    19 |     4 |       |       ||    23
       Scale mail        |       |    86 |       |       ||    86
       Plate armour      |       |       |   297 |   181 ||   478
Dodge: Dodged            |    31 |   102 |   111 |    74 ||   318
Block: Buckler           |       |    25 |   153 |   117 ||   295

Table legend: (Time is in decaauts)
 A = Elapsed time spent in this place.
 B = Non-inter-level travel time spent in this place.
 C = Inter-level travel time spent in this place.
 D = Time resting spent in this place.
 E = Time spent auto-exploring this place.
 F = Levels seen in this place.
 G = Mean time per level.
                   A        B        C        D        E       F      G
               +--------+--------+--------+--------+--------+-----+--------+
         Total |  12345 |  12186 |    159 |   1408 |   8557 |  11 | 1122.3 |
       Dungeon |  12243 |  12084 |    159 |   1408 |   8472 |  10 | 1224.3 |
         Abyss |    102 |    102 |      0 |      0 |     85 |   1 |  102.0 |
               +--------+--------+--------+--------+--------+-----+--------+

Top non-repeatable levels by time:
     D:7: 2357 daAuts
     D:9: 1755 daAuts
     D:5: 1708 daAuts
     D:8: 1347 daAuts
     D:3: 1266 daAuts
     D:1: 1102 daAuts
     D:6: 1049 daAuts
     D:4: 1004 daAuts
     D:2: 496 daAuts
    D:10: 156 daAuts
 Abyss:1: 102 daAuts
